 Dungeon Crawl Stone Soup version 0.26-a0-1181-gd376ed14c5 (webtiles) character file.

Game seed: 12566087024892113836

37 sanka the Skirmisher (level 3, -3/33 HPs)
             Began as a Ghoul Monk on Dec 26, 2020.
             Slain by a hobgoblin (5 damage)
             ... on level 2 of the Dungeon.
             The game lasted 00:01:14 (1170 turns).

sanka the Skirmisher (Ghoul Monk)                   Turns: 1170, Time: 00:01:15

Health: -3/33      AC:  1    Str: 15    XL:     3   Next: 39%
Magic:  2/2        EV: 12    Int:  5    God:
Gold:   35         SH:  0    Dex: 11    Spells: 2/2 levels left

rFire    . . .     SeeInvis .   a - +0 hand axe
rCold    + . .     Faith    .   (no shield)
rNeg     + + +     Spirit   .   b - +0 robe
rPois    ∞         Reflect  .   (no helmet)
rElec    .         Harm     .   (no cloak)
rCorr    .         Rampage  .   (no gloves)
Will     .....                  g - -2 pair of boots (curse)
Stlth    ++........             (no amulet)
HPRegen  0.00/turn              (no ring)
MPRegen  0.08/turn              (no ring)

@: no status effects
A: claws 1, cold resistance 1, negative energy resistance 3, inhibited
regeneration, torment resistance, unbreathing
a: no special abilities


You were on level 2 of the Dungeon.
You visited 1 branch of the dungeon, and saw 2 of its levels.

You collected 35 gold pieces.


Innate Abilities, Weirdness & Mutations

You thrive by killing the living.
You are immune to poison.
You have sharp fingernails.
Your flesh is cold resistant. (rC+)
You are immune to negative energy. (rN+++)
You do not regenerate when monsters are visible.
You are immune to unholy pain and torment.
You can survive without breathing.


   Skills:
 - Level 4.0 Fighting
 + Level 3.5 Axes
 - Level 2.6 Dodging
 - Level 2.1 Stealth


You had 2 spell levels left.
You didn't know any spells.
Your spell library was empty.

Inventory:

Hand Weapons
 a - a +0 hand axe (weapon)
Armour
 b - a +0 robe (worn)
 g - a cursed -2 pair of boots (worn)
Scrolls
 c - a scroll of amnesia
 d - a scroll of immolation {unknown}
 e - a scroll of blinking {unknown}
 f - a scroll of remove curse {unknown}
 i - 2 scrolls of identify {unknown}
Potions
 h - a potion of curing {unknown}

Dungeon Overview and Level Annotations

Branches:
Dungeon (2/15)

Altars:
Nemelex Xobeh ▒▒▒....▒▒.. .. .......... ... ▒........ ..▒▒▒▒▒▒ ..▒▒▒▒....▒▒.. .....[▒ ..▒.......▒▒.. ▒....▒ ▒.▒.......▒▒.. ▒.Sll▒ ▒.▒(.▒...†.... ▒hgl▒

▒.▒..▒....▒▒▒▒
..▒▒▒▒n▒▒▒.▒.......▒
▒..........▒..▒[▒▒.▒▒▒▒
▒▒........†..▒▒....>...
▒▒▒.......▒.▒▒.▒▒.▒▒▒▒
▒▒▒▒....▒▒▒▒.▒▒.▒
▒▒▒▒.▒ ...▒.. ..▒ ...
..▒ ... ...▒


You could see an adder, a leopard gecko, a jackal, a hobgoblin and 2 frilled
lizards.


Message History

The hobgoblin hits you.
* * * LOW HITPOINT WARNING * * *
The leopard gecko closely misses you.
Unknown command.
You completely miss the hobgoblin.
The hobgoblin is moderately wounded.
You miss the leopard gecko.
The hobgoblin hits you but does no damage.
The leopard gecko closely misses you.
Unknown command.
You barely miss the hobgoblin.
The hobgoblin is moderately wounded.
You barely miss the leopard gecko. The hobgoblin hits you.
* * * LOW HITPOINT WARNING * * *
The leopard gecko misses you.
Unknown command.
You closely miss the hobgoblin.
The hobgoblin is lightly wounded.
You barely miss the leopard gecko. The leopard gecko barely misses you.
The hobgoblin hits you.
* * * LOW HITPOINT WARNING * * *
The leopard gecko bites you.
* * * LOW HITPOINT WARNING * * *
You closely miss the hobgoblin.
The hobgoblin is lightly wounded.
You barely miss the leopard gecko. The hobgoblin hits you.
You die...

Action                   || total
-------------------------++-------
Melee: Hand axe          ||    74
  Use: Scroll            ||     1
 Stab: Sleeping          ||     2
Armor: Robe              ||    26
Dodge: Dodged            ||    65

Levels and vault maps discovered:
D:1:      dpeg_arrival_tiny_d, layout_basic, serial_bayou, serial_bayou_pond_e,
          serial_bayou_lagoon_a, serial_bayou_pond_e, serial_bayou_shore_b,
          nemelex_diamond_rough_becter
D:2:      minmay_recursive_quarters, layout_rooms, minitemple

Notes
Turn   | Place    | Note
-------+----------+-------------------------------------------
     0 | D:1      | sanka the Ghoul Monk began the quest for the Orb.
     0 | D:1      | Reached XP level 1. HP: 19/19 MP: 0/0
    48 | D:1      | Reached XP level 2. HP: 13/26 MP: 1/1
   253 | D:1      | Reached skill level 3 in Axes
   434 | D:1      | Reached XP level 3. HP: 6/33 MP: 2/2
   435 | D:1      | Reached skill level 4 in Fighting
   968 | D:1      | Found a sparkling altar of Nemelex Xobeh.
  1169 | D:2      | HP: 2/33 [leopard gecko (2)]
  1170 | D:2      | Slain by a hobgoblin

Vanquished Creatures
  2 dart slugs (D:1)
  2 leopard geckos
  A ball python (D:1)
  3 bats
  A goblin (D:1)
  3 hobgoblins (D:1)
  8 jackals (D:1)
  A frilled lizard (D:2)
  2 kobolds (D:1)
  4 rats
27 creatures vanquished.

Vanquished Creatures (others)
  12 plants (D:1)
12 creatures vanquished.

Grand Total: 39 creatures vanquished
